 Dungeon Crawl Stone Soup version 0.29.1-2-gbd0b4ee654 (webtiles) character file.

Game seed: 16743673936748142890

43 Ihaveafatcat the Trooper (level 3, -1/33 HPs)
             Began as a Hill Orc Fighter on Nov 30, 2022.
             Slain by Sigmund
             ... wielding a +0 scythe
              (9 damage)
             ... on level 2 of the Dungeon.
             The game lasted 00:01:33 (1837 turns).

Ihaveafatcat the Trooper (Hill Orc Fighter)         Turns: 1837, Time: 00:01:33

Health: -1/33      AC:  7    Str: 20    XL:     3   Next: 58%
Magic:  3/3        EV:  9    Int:  8    God:
Gold:   66         SH:  4    Dex: 10    Spells: 2/2 levels left

rFire   . . .      SeeInvis .   a - +0 war axe
rCold   . . .      Faith    .   c - +0 buckler
rNeg    . . .      Spirit   .   b - +0 scale mail
rPois   .          Reflect  .   (no helmet)
rElec   .          Harm     .   (no cloak)
rCorr   .          Rampage  .   (no gloves)
Will    .....                   (no boots)
Stlth   ..........              (no amulet)
HPRegen 0.11/turn               (no ring)
MPRegen 0.08/turn               (no ring)

@: no status effects
A: no striking features
a: no special abilities


You were on level 2 of the Dungeon.
You visited 1 branch of the dungeon, and saw 2 of its levels.

You collected 66 gold pieces.

Inventory:

Hand Weapons
 a - a +0 war axe (weapon)
Armour
 b - a +0 scale mail (worn)
 c - a +0 buckler (worn)
Jewellery
 m - a ring of see invisible
Scrolls
 e - a scroll of magic mapping {unknown}
 f - a scroll of teleportation {unknown}
 i - a scroll of immolation {unknown}
 k - a scroll of identify {unknown}
 l - a scroll of summoning {unknown}
Potions
 d - a potion of might
 g - 3 potions of curing {unknown}
 h - a potion of invisibility {unknown}
 j - a potion of flight {unknown}


   Skills:
 + Level 4.0 Fighting
 + Level 3.4 Axes
 + Level 3.9 Armour
 + Level 3.7 Shields


You had 2 spell levels left.
You didn't know any spells.
Your spell library contained the following spells:

 Spells                   Type           Power      Damage    Failure   Level
 Magic Dart               Conj           0%         1d3       85%         1
 Searing Ray              Conj           0%         2d4       94%         2
 Tukima's Dance           Hex            0%         N/A       99%         3
 Fulminant Prism          Conj/Hex       0%         3d6       100%        4
 Passage of Golubria      Tloc           0%         N/A       100%        4
 Yara's Violent Unravell  Hex/Tmut       0%         3d3       100%        5


Dungeon Overview and Level Annotations

Branches:
Dungeon (2/15)

Altars:

Annotations:
D:2 Sigmund


Message History

Sigmund is nearby!
You hit Sigmund.
Sigmund is lightly wounded.
Sigmund closely misses you.
Sigmund is nearby!
You slash Sigmund!
Sigmund is heavily wounded.
Sigmund points at you and mumbles some strange words.
You are confused.
Sigmund is nearby!
You are too confused!
Sigmund is nearby!
You are too confused!
Sigmund is nearby!
You are too confused!
Sigmund is nearby!
You barely miss Sigmund.
Sigmund is heavily wounded.
Sigmund hits you with a +0 scythe.
Sigmund points at you and mumbles some strange words.
The magic dart hits you. Sigmund barely misses you. Sigmund misses you.
You feel less confused. Sigmund barely misses you.
Sigmund screams, "Die, monster!"
Sigmund hits you but does no damage.
You slash Sigmund!
Sigmund is severely wounded.
Sigmund points at you and mumbles some strange words.
The puff of flame hits you!
* * * LOW HITPOINT WARNING * * *
You hit Sigmund.
Sigmund is almost dead.
Sigmund casts a spell at you. You resist with significant effort.
You hit Sigmund but do no damage.
Sigmund is almost dead.
Sigmund hits you with a +0 scythe!
You die...

#.###.#.##.....#.#
###.#
#.....#........#.#
#...#
#.#######......#.#
#.###
.............?.#.####.#
#......###.....#.##...#
...............#.##.###
#.........##.....#..#
#...................##
#...............@....#
#...............@....#
#....................#
#.........##+#..#.##.#
#.........# ......# .#
# . #....### .. ......#
## .......


You could see Sigmund.

Vanquished Creatures
  An adder (D:2)
  6 bats
  4 endoplasms (D:1)
  3 giant cockroaches
  A goblin (D:1)
  6 hobgoblins
  A quokka (D:1)
  A ball python (D:1)
  A frilled lizard (D:1)
  3 kobolds (D:1)
  6 rats
33 creatures vanquished.

Notes
Turn   | Place    | Note
-------+----------+-------------------------------------------
     0 | D:1      | Ihaveafatcat the Hill Orc Fighter began the quest for the
                  | Orb.
     0 | D:1      | Reached XP level 1. HP: 19/19 MP: 1/1
   202 | D:1      | Reached XP level 2. HP: 27/27 MP: 2/2
   708 | D:1      | Found a faded altar of an unknown god.
   857 | D:1      | Reached XP level 3. HP: 21/33 MP: 3/3
  1120 | D:1      | Reached skill level 4 in Fighting
  1821 | D:2      | Noticed Sigmund
  1837 | D:2      | Slain by Sigmund

Illustrated notes

Levels and vault maps discovered:
D:1:      dpeg_arrival_oval, layout_basic, ebering_ecumenical_altar_mist
D:2:      layout_basic, uniq_sigmund

Skill      XL: |  1  2  3 |
---------------+----------+-----
Axes           | 3 |  3.4
Fighting       | 4 |  4.0
Armour         | |  3.9
Shields        | |  3.7

Action                   || total
-------------------------++-------
Melee: War axe           ||   114
Armor: Scale mail        ||    59
Dodge: Dodged            ||    48
Block: Buckler           ||    14
